 Dungeon Crawl Stone Soup version 0.23.0 (webtiles) character file.

Game seed: 8403142448397056160

321 theswoord the Chopper (level 6, -3/44 HPs)
             Began as a Demonspawn Gladiator on Feb 18, 2019.
             Slain by an ogre
             ... wielding a +0 giant club
              (21 damage)
             ... on level 4 of the Dungeon.
             The game lasted 00:05:46 (3482 turns).

theswoord the Chopper (Demonspawn Gladiator)        Turns: 3482, Time: 00:05:47

Health: -3/44      AC: 10    Str: 15    XL:     6   Next: 22%
Magic:  6/6        EV:  7    Int:  9    God:
Gold:   128        SH:  0    Dex: 18    Spells: 5/5 levels left

rFire    . . .     SeeInvis .   a - +0 war axe
rCold    . . .     Gourm    .   (no shield)
rNeg     . . .     Faith    .   j - +0 chain mail
rPois    .         Spirit   .   c - +1 helmet
rElec    .         Reflect  .   (no cloak)
rCorr    .         Harm     .   (no gloves)
MR       .....                  (no boots)
Stlth    ..........             (no amulet)
HPRegen  0.14/turn              (no ring)
MPRegen  0.10/turn              (no ring)

@: no status effects
A: thin skeletal structure 1, powered by death 1
a: no special abilities


You were on level 4 of the Dungeon.
You were very hungry.

You visited 1 branch of the dungeon, and saw 4 of its levels.

You collected 128 gold pieces.

Inventory:

Hand Weapons
 a - a +0 war axe (weapon)
Missiles
 d - a throwing net (quivered)
Armour
 b - a +0 leather armour
 c - a +1 helmet (worn)
 j - a +0 chain mail (worn)
Scrolls
 e - a scroll of enchant armour
 i - 2 scrolls of teleportation
 l - a scroll of magic mapping
 o - a scroll of identify
Potions
 g - 2 potions of curing
 h - a potion of flight
 k - a potion of lignification
 m - 5 potions of might {unknown}
 n - a potion of degeneration {unknown}
Comestibles
 f - 7 rations


   Skills:
 - Level 2.0 Fighting
 + Level 6.4 Axes
 - Level 1.7 Throwing
 - Level 2.6 Dodging


You had 5 spell levels left.
You didn't know any spells.
Your spell library was empty.

Dungeon Overview and Level Annotations

Branches:
Dungeon (4/15)
 Temple: D:4-7

Altars:


Innate Abilities, Weirdness & Mutations

You have a somewhat thin skeletal structure. (Dex +2, Stealth)
You regenerate a little health from kills.


Message History

You hit the orc priest. The orc priest hits you with a +0 mace.
You slash the orc priest! The orc priest hits you with a +0 mace.
You barely miss the orc priest. The orc priest hits you with a +0 mace.
Your chain mail prevents you from hitting the orc priest.
The orc priest hits you but does no damage.
You slash the orc priest!
You kill the orc priest!
No target in view!
No target in view!
You start resting.
You climb downwards.
The ogre hits you with a +0 giant club!
There is a stone staircase leading up, spattered with blood here.
Throwing (i - inventory)
d - 2 throwing nets (quivered)
Aim: an ogre, wielding a +0 giant club You throw a throwing net.
The throwing net barely misses the ogre.
The ogre hits you with a +0 giant club!
* * * LOW HITPOINT WARNING * * *
The ogre hits you with a +0 giant club!!
You die...

## ### ## .. ..
.. ####.###.#
.##
#.O.o..(.#...##
#[.......
#O##...## #@#
## #.# #.# #.#
#.# ..# ###


You could see an ogre.

Vanquished Creatures
  A howler monkey (D:2)
  A crimson imp (D:3)
  An orc priest (D:3)
  A jelly (D:3)
  An orc wizard (D:3)
  3 gnolls (D:2)
  5 adders
  An ooze (D:2)
  2 dart slugs (D:2)
  3 worms (D:3)
  2 leopard geckos (D:1)
  3 orcs
  2 giant cockroaches (D:2)
  9 goblins
  11 hobgoblins
  5 kobolds
  7 bats
  4 frilled lizards
  10 rats
72 creatures vanquished.

Vanquished Creatures (others)
  5 toadstools (D:1)
5 creatures vanquished.

Grand Total: 77 creatures vanquished

Notes
Turn   | Place    | Note
-------+----------+-------------------------------------------
     0 | D:1      | theswoord the Demonspawn Gladiator began the quest for the
                  | Orb.
     0 | D:1      | Reached XP level 1. HP: 16/16 MP: 1/1
   300 | D:1      | Reached skill level 3 in Axes
   324 | D:1      | Gained mutation: You regenerate a little health from kills.
                  | [demonic ancestry]
   324 | D:1      | Reached XP level 2. HP: 19/22 MP: 2/2
   644 | D:2      | Reached XP level 3. HP: 17/27 MP: 3/3
   721 | D:2      | Reached skill level 4 in Axes
  1073 | D:2      | Reached XP level 4. HP: 25/33 MP: 4/4
  1483 | D:2      | Reached skill level 5 in Axes
  1545 | D:2      | Gained mutation: You have a somewhat thin skeletal
                  | structure. (Dex +2, Stealth) [demonic ancestry]
  1545 | D:2      | Reached XP level 5. HP: 25/38 MP: 5/5
  2768 | D:3      | Reached skill level 6 in Axes
  3121 | D:4      | Noticed an ogre
  3131 | D:3      | Reached XP level 6. HP: 38/44 MP: 6/6
  3482 | D:4      | Slain by an ogre

Skill      XL: |  1  2  3  4  5 |
---------------+----------------+-----
Axes           | 3 4 5 6 |  6.4
Fighting       | |  2.0
Throwing       | |  1.7
Dodging        | |  2.6

Action                   |  1- 3 |  4- 6 || total
-------------------------+-------+-------++-------
Melee: War axe           |    79 |   139 ||   218
Throw: Throwing net      |       |     3 ||     3
  Use: Scroll            |     5 |     5 ||    10
 Stab: Sleeping          |     1 |       ||     1
       Held in net/web   |       |     1 ||     1
  Eat: Chunk             |     1 |     6 ||     7
Armor: Leather armour    |    23 |    20 ||    43
       Chain mail        |       |    25 ||    25
Dodge: Dodged            |    56 |    89 ||   145

Levels and vault maps discovered:
D:1:      ldierk_walled_garden, layout_loops_ring
D:2:      layout_basic
D:3:      layout_basic
D:4:      layout_loops_ring, uniq_edmund
